 Dungeon Crawl Stone Soup version 0.29-a0-830-gcb1280458a (webtiles) character file.

Game seed: 6737434712498226372

399 LynnLen the Covert (level 6, -3/32 HPs)
             Began as a Vampire Enchanter on July 11, 2022.
             Slain by Pikel
             ... wielding a +2 whip of freezing
              (6 damage)
             ... on level 3 of the Dungeon.
             The game lasted 00:09:48 (3498 turns).

LynnLen the Covert (Vampire Enchanter)              Turns: 3498, Time: 00:09:48

Health: -3/32      AC:  7    Str:  7    XL:     6   Next: 54%
Magic:  9/9        EV: 12    Int: 17    God:
Gold:   128        SH:  0    Dex: 17    Spells: 9/9 levels left

rFire   + . .      SeeInvis +   k - +4 short sword
rCold   + + .      Faith    .   (no shield)
rNeg    + + +      Spirit   .   t - +0 leather armour
rPois   ∞          Reflect  .   (no helmet)
rElec   .          Harm     .   A - +2 cloak {rCorr}
rCorr   +          Rampage  .   (no gloves)
Will    .....                   l - +0 pair of boots
Stlth   ++++++....              (no amulet)
HPRegen 0.00/turn               n - ring of protection from fire
MPRegen 0.11/turn               (no ring)

@: about to teleport, bloodless, inhibited regen, studying Staves
A: bloodless, fangs 3, see invisible, vampiric 2
a: Bat Form, Revivify


You were on level 3 of the Dungeon.
You visited 1 branch of the dungeon, and saw 4 of its levels.

You collected 170 gold pieces.
You spent 42 gold pieces at shops.

Inventory:

Hand Weapons
 a - a +1 dagger
 k - a +4 short sword (weapon)
Missiles
 b - 10 poisoned darts
 d - 20 stones (quivered)
 m - 5 atropa-tipped darts
 w - 4 curare-tipped darts
Armour
 l - a +0 pair of boots (worn)
 t - a +0 leather armour (worn)
 y - a +0 ring mail of willpower
 A - a +2 cloak of preservation (worn)
Jewellery
 n - a ring of protection from fire (left hand)
 r - an amulet of faith
 u - a ring of resist corrosion
Wands
 v - a wand of digging (7)
Scrolls
 h - a scroll of teleportation
 x - a scroll of blinking {unknown}
Potions
 c - a potion of invisibility
 e - 2 potions of curing
 f - a potion of resistance
 g - a potion of heal wounds
 i - a potion of attraction {unknown}
 j - 2 potions of brilliance
 o - a potion of ambrosia {unknown}
 p - 2 potions of flight {unknown}
 q - a potion of lignification {unknown}
 s - a potion of might {unknown}
 z - 2 potions of mutation {unknown}


   Skills:
 * Level 5.4 Short Blades
 + Level 3.0 Dodging
 + Level 8.0 Stealth
 - Level 2.0 Spellcasting
 - Level 4.4 Hexes


You had 9 spell levels left.
You didn't know any spells.
Your spell library contained the following spells:

 Spells                   Type           Power      Damage    Failure   Level
 Confusing Touch          Hex            16%        N/A       14%         3
 Tukima's Dance           Hex            16%        N/A       14%         3
 Ensorcelled Hibernation  Hex/Ice        18%        N/A       19%         2
 Sting                    Tmut/Pois      4%         1d3       28%         1
 Dazzling Flash           Conj/Hex       18%        N/A       34%         3
 Poisonous Vapours        Pois/Air       2%         N/A       41%         2
 Olgreb's Toxic Radiance  Pois           1%         N/A       96%         4


Dungeon Overview and Level Annotations

Branches:
Dungeon (4/15)
 Temple: D:4-7

Altars:

Shops:
D:3 (

Annotations:
D:3 Pikel
D:4 Blork the orc


Innate Abilities, Weirdness & Mutations

You do not regenerate when monsters are visible.
You are frail without blood (-20% HP).
You can heal yourself when you bite living creatures.
You are immune to poison.
You have razor-sharp teeth.
You have supernaturally acute eyesight. (SInv)
You are afflicted with vampirism and can become a bat while bloodless.


Message History

You start putting on your armour.
You continue putting on your +2 cloak of preservation. x4
You finish putting on your +2 cloak of preservation.
There is an open translucent door here.
You don't know any spells.
Unknown command.
Things that are here:
a +6 scythe of protection; a +0 robe You flicker for a moment.
You flicker back into view.
Found a stone staircase leading down.
Pikel and 2 lemures come into view.
Pikel is wielding a +2 whip of freezing and wearing a +2 robe of positive energy.
A lemure comes into view.
The lemure shouts!
Pikel shouts!
Blork the orc comes into view.
He is wielding a +0 war axe.
A lemure comes into view.
Pikel checks his coin pouch and frowns.
There is a stone staircase leading up here.
There is a stone staircase leading up here.
The lemure barely misses you.
Pikel hits you with a +2 whip of freezing.
There is a stone staircase leading up here.
The lemure hits you. The lemure barely misses you. Pikel barely misses you.
The lemure hits you.
You climb upwards.
There is a stone staircase leading down here.
Unknown command.
Okay, then.
As you read the scroll of teleportation, it crumbles to dust.
You feel strangely unstable. The lemure hits you! Pikel misses you.
The lemure hits you but does no damage. The lemure hits you.
* * * LOW HITPOINT WARNING * * *
The lemure attacks as you move away! The lemure hits you.
* * * LOW HITPOINT WARNING * * *
The lemure hits you.
* * * LOW HITPOINT WARNING * * *
Pikel misses you.
Pikel hits you with a +2 whip of freezing.
You die...

#### ###..# #....#
#.##.# #.##.###
##.##...####
#..####.....
########.### #####.
#.@555.....# #.
#..K.......# ##
#..........### ##.
#............# #..
#..........#.####..
#####...#..........
#...#####......
#...## #####..
#....# #####...


You could see Pikel and 3 lemures.

Vanquished Creatures
  Sigmund (D:4)
  A jelly (D:4)
  Crazy Yiuf (D:4)
  A hound (D:4)
  A gnoll (D:1)
  6 adders
  A worm (D:3)
  9 dart slugs
  5 ball pythons
  5 endoplasms
  A giant cockroach (D:1)
  A goblin (D:1)
  6 hobgoblins
  4 jackals (D:2)
  3 quokkas
  2 bats
  6 frilled lizards
  9 kobolds
  5 rats
68 creatures vanquished.

Vanquished Creatures (others)
  A plant (D:1)
1 creature vanquished.

Grand Total: 69 creatures vanquished

Notes
Turn   | Place    | Note
-------+----------+-------------------------------------------
     0 | D:1      | LynnLen the Vampire Enchanter began the quest for the Orb.
     0 | D:1      | Reached XP level 1. HP: 13/13 MP: 3/3
   150 | D:1      | Found a faded altar of an unknown god.
   171 | D:1      | Reached skill level 5 in Stealth
   171 | D:1      | Reached XP level 2. HP: 3/15 MP: 5/5
   624 | D:1      | Gained mutation: You are afflicted with vampirism and can
                  | become a bat while bloodless. [Vampire growth]
   624 | D:1      | Reached XP level 3. HP: 19/19 MP: 6/6
  1255 | D:2      | Reached skill level 6 in Stealth
  1408 | D:2      | Reached XP level 4. HP: 14/24 MP: 7/7
  2046 | D:3      | Found Katoyg's Weapon Shoppe.
  2095 | D:3      | Bought 5 atropa-tipped darts for 42 gold pieces
  2445 | D:4      | Noticed Sigmund
  2467 | D:4      | Killed Sigmund
  2468 | D:4      | Reached skill level 7 in Stealth
  2468 | D:4      | Reached XP level 5. HP: 3/28 MP: 8/8
  2468 | D:4      | Reached XP level 6. HP: 3/32 MP: 9/9
  2824 | D:4      | Reached skill level 5 in Short Blades
  3422 | D:4      | Found a runed translucent door.
  3423 | D:4      | Noticed Crazy Yiuf
  3431 | D:4      | Killed Crazy Yiuf
  3432 | D:4      | Reached skill level 8 in Stealth
  3483 | D:4      | Noticed Pikel
  3484 | D:4      | Noticed Blork the orc
  3498 | D:3      | Slain by Pikel

Illustrated notes

Levels and vault maps discovered:
D:1:      dpeg_arrival_tiny_f, layout_loops_ring,
          dreamdust_ecumenical_altar_grove
D:2:      layout_basic, minmay_tromino_v4_c
D:3:      layout_rooms, serial_shops, nicolae_shop_bloodbath_and_beyond
D:4:      layout_gridville, uniq_sigmund, uniq_blork_the_orc, uniq_pikel,
          uniq_crazy_yiuf_cottage

Skill      XL: |  1  2  3  4  5  6 |
---------------+-------------------+-----
Stealth        | 5 6 7 8 |  8.0
Short Blades   | 2 4 5 |  5.4
Dodging        | 3 |  3.0
Spellcasting   | |  2.0
Hexes          | |  4.4

Action                   |  1- 3 |  4- 6 || total
-------------------------+-------+-------++-------
Melee: Dagger            |    32 |       ||    32
       Bite              |     5 |     2 ||     7
       Short sword       |    38 |    82 ||   120
       Punch             |     1 |     1 ||     2
 Abil: Exsanguinate      |     2 |       ||     2
  Use: Potion            |     1 |     1 ||     2
       Scroll            |     5 |     3 ||     8
 Stab: Sleeping          |    15 |    12 ||    27
       Distracted        |       |     1 ||     1
Armor: Robe              |    14 |     1 ||    15
       Leather armour    |       |    10 ||    10
Dodge: Dodged            |    40 |    35 ||    75

Table legend: (Time is in decaauts)
 A = Elapsed time spent in this place.
 B = Non-inter-level travel time spent in this place.
 C = Inter-level travel time spent in this place.
 D = Time resting spent in this place.
 E = Time spent auto-exploring this place.
 F = Levels seen in this place.
 G = Mean time per level.
                   A        B        C        D        E       F      G
               +--------+--------+--------+--------+--------+-----+--------+
         Total |   3486 |   3486 |      0 |    849 |   1437 |   4 |  871.5 |
       Dungeon |   3486 |   3486 |      0 |    849 |   1437 |   4 |  871.5 |
               +--------+--------+--------+--------+--------+-----+--------+

Top non-repeatable levels by time:
     D:2: 1117 daAuts
     D:4: 1049 daAuts
     D:1: 842 daAuts
     D:3: 477 daAuts
